 Dungeon Crawl Stone Soup version 0.25.0-41-g26779e291d (webtiles) character file.

Game seed: 8061558088017960159

8116 wojtek the Demolition Minotaur (level 11, -4/97 HPs)
             Began as a Minotaur Fighter on July 10, 2020.
             Was an Elder of Makhleb.
             Slain by a two-headed ogre
             ... wielding a +0 giant club
              (17 damage)
             ... on level 10 of the Dungeon.
             The game lasted 00:11:48 (11006 turns).

wojtek the Demolition Minotaur (Minotaur Fighter)  Turns: 11006, Time: 00:11:48

Health: -4/97      AC: 11    Str: 23    XL:     11   Next: 5%
Magic:  17/17      EV:  8    Int:  5    God:    Makhleb [****..]
Gold:   476        SH: 12    Dex: 11    Spells: 10/10 levels left

rFire    . . .     SeeInvis .   a - +0 war axe
rCold    + . .     Gourm    .   c - +0 kite shield
rNeg     . . .     Faith    .   t - +0 chain mail
rPois    .         Spirit   .   (helmet restricted)
rElec    .         Reflect  .   l - scarf {repulsion}
rCorr    .         Harm     .   (no gloves)
MR       +....                  (no boots)
Stlth    ..........             F - amulet of regeneration
HPRegen  0.66/turn              i - ring of protection from cold
MPRegen  0.15/turn              n - ring of protection from magic

@: repel missiles
A: retaliatory headbutt, horns 2
a: Minor Destruction, Lesser Servant of Makhleb, Major Destruction, Renounce
Religion


You were on level 10 of the Dungeon.
You worshipped Makhleb.
Makhleb was greatly pleased with you.
You were not hungry.

You visited 1 branch of the dungeon, and saw 10 of its levels.

You collected 476 gold pieces.

Inventory:

Hand Weapons
 a - a +0 war axe (weapon)
 u - a +2 mace of venom
 x - a +2 hand axe of electrocution
 M - a +1 vampiric whip
Missiles
 g - 14 javelins
 m - 41 poisoned darts
 v - 9 boomerangs (quivered)
 B - 3 throwing nets
 H - 8 datura-tipped darts
Armour
 c - a +0 kite shield (worn)
 l - a scarf of repulsion (worn)
 p - a +0 plate armour
 t - a +0 chain mail (worn)
Jewellery
 i - a ring of protection from cold (left hand)
 n - a ring of protection from magic (right hand)
 E - a cursed amulet of reflection {unknown}
 F - an amulet of regeneration (around neck)
 G - an uncursed ring of flight {unknown}
 K - an uncursed ring of flight {unknown}
Wands
 y - a wand of paralysis (21)
 C - a wand of iceblast (7)
Scrolls
 b - a scroll of fear {unknown}
 j - 7 scrolls of teleportation {unknown}
 k - 7 scrolls of identify {unknown}
 q - a scroll of magic mapping {unknown}
 w - 8 scrolls of remove curse {unknown}
 D - a scroll of blinking {unknown}
 I - a scroll of torment {unknown}
 J - 3 scrolls of amnesia {unknown}
 N - a scroll of enchant weapon {unknown}
Potions
 d - 6 potions of might
 e - a potion of lignification {unknown}
 h - 5 potions of curing
 o - a potion of flight {unknown}
 r - 2 potions of haste
 s - 7 potions of heal wounds {unknown}
 z - a potion of berserk rage
 A - a potion of brilliance {unknown}
 L - 2 potions of magic {unknown}
Comestibles
 f - 10 rations
 O - 10 chunks of flesh


   Skills:
 + Level 9.1 Fighting
 - Level 7.0 Axes
 + Level 9.2 Armour
 + Level 3.7 Dodging
 + Level 9.2 Shields
 * Level 9.5 Invocations
 + Level 3.0 Evocations


You had 10 spell levels left.
You didn't know any spells.
Your spell library contained the following spells:

 Spells                   Type           Power        Failure   Level  Hunger
 Animate Skeleton         Necr           N/A          100%        1    ##.....
 Apportation              Tloc           #.....       100%        1    ##.....
 Corona                   Hex            #......      100%        1    ##.....
 Infusion                 Chrm           #...         100%        1    ##.....
 Summon Small Mammal      Summ           #...         100%        1    ##.....
 Shroud of Golubria       Chrm/Tloc      #.....       100%        2    ###....
 Song of Slaying          Chrm           #.......     100%        2    ###....
 Ozocubu's Armour         Chrm/Ice       #.......     100%        3    ####...
 Spectral Weapon          Hex/Chrm       #.......     100%        3    ####...


Dungeon Overview and Level Annotations

Branches:
Dungeon (10/15)            Temple (0/1) D:5            Lair (0/6) D:10
    Orc: D:9-12

Altars:
Elyvilon
Hepliaklqana
Makhleb
Okawaru
Qazlal

Shops:
D:9 =

Annotations:
D:6 2 transporters, jazmu's ghost, novice FoSk
D:9 fire


Innate Abilities, Weirdness & Mutations

You reflexively headbutt those who attack you in melee.
You have a pair of horns on your head.


Message History

The killer bee stings your neqoxec. You block the orc priest's attack.
The killer bee stings you but does no damage.
You block the killer bee's attack. The killer bee stings your neqoxec.
The hippogriff bites you.
* * * LOW HITPOINT WARNING * * *
The hippogriff pecks you but does no damage.
The hippogriff completely misses you.
Your neqoxec completely misses the killer bee.
You closely miss the orc priest. You headbutt the orc priest.
The orc priest is heavily wounded.
You barely miss the two-headed ogre.
Your shield and chain mail prevent you from hitting the hippogriff.
You closely miss the killer bee.
Your shield and chain mail prevent you from hitting the killer bee.
A killer bee comes into view.
You block the killer bee's attack.
The killer bee stings you but does no damage.
The killer bee closely misses your neqoxec.
The two-headed ogre hits you with a +0 giant club!
You die...

...#.......%...
................y.......
...≈....................
..≈≈≈...................
...≈............y.......
...............3yy......
..............4yHOa.....
.......).......y@o#
.................##
........≈.......##
>......≈≈≈.....##
........≈.......##
.......##........#
........##........#
.......#.##.........
........####.........


You could see a two-headed ogre, a hippogriff, a soldier ant, 6 killer bees, an
orc priest, a friendly hellwing (summoned) and a friendly neqoxec (summoned).

Vanquished Creatures
  A two-headed ogre (D:9)
  A queen bee (D:9)
  A hornet (D:7)
  A slime creature (D:10)
  A hippogriff (D:7)
  Sigmund (D:4)
  10 yaks (D:9)
  A basilisk (D:9)
  Eustachio (D:4)
  3 sky beasts
  2 ice beasts
  An orc warrior (D:10)
  4 phantoms
  5 ogres
  3 centaurs
  A big kobold (D:9)
  2 bullfrogs
  A scorpion (D:9)
  12 killer bees (D:9)
  3 howler monkeys
  3 crimson imps
  2 jellies (D:9)
  8 orc priests
  A centaur skeleton (D:4)
  5 orc wizards
  2 bullfrog skeletons (D:4)
  A gnoll shaman (D:7)
  Natasha (thrice) (D:3)
  4 iguanas
  9 worker ants
  A hound skeleton (D:7)
  A howler monkey zombie (D:8)
  6 gnolls
  A worker ant zombie (D:8)
  9 adders
  3 shadow imps
  An ooze (D:3)
  3 adder skeletons
  6 worms
  2 dart slugs (D:2)
  5 leopard geckos
  51 orcs
  3 ball pythons
  8 giant cockroaches
  10 goblins
  11 hobgoblins
  24 jackals
  3 quokkas
  10 bats
  5 frilled lizards
  13 kobolds
  6 rats
275 creatures vanquished.

Vanquished Creatures (collateral kills)
  A hydra (D:10)
  2 slime creatures (D:10)
  A bullfrog (D:10)
  3 killer bees (D:10)
  2 orc wizards (D:10)
  An iguana (D:10)
  A worker ant (D:10)
  A killer bee zombie (D:10)
  An adder (D:10)
  5 orcs (D:10)
  A jackal (D:10)
19 creatures vanquished.

Grand Total: 294 creatures vanquished

Notes
Turn   | Place    | Note
-------+----------+-------------------------------------------
     0 | D:1      | wojtek the Minotaur Fighter began the quest for the Orb.
     0 | D:1      | Reached XP level 1. HP: 19/19 MP: 0/0
   265 | D:1      | Reached XP level 2. HP: 25/26 MP: 1/1
   749 | D:2      | Reached XP level 3. HP: 31/31 MP: 2/2
  1340 | D:2      | Reached skill level 5 in Axes
  1587 | D:2      | Reached XP level 4. HP: 39/39 MP: 3/3
  1756 | D:3      | Noticed Natasha
  1765 | D:3      | Killed Natasha
  1836 | D:3      | Noticed an ogre
  1843 | D:3      | Killed an ogre
  1843 | D:3      | Reached XP level 5. HP: 13/45 MP: 4/4
  2099 | D:3      | Noticed Natasha
  2110 | D:3      | Killed Natasha
  2313 | D:3      | Noticed Natasha
  2321 | D:3      | Killed Natasha
  2452 | D:3      | Found a hazy altar of Hepliaklqana.
  2464 | D:3      | Found a white marble altar of Elyvilon.
  2487 | D:3      | Reached XP level 6. HP: 47/52 MP: 5/5
  2620 | D:3      | Found an iron altar of Okawaru.
  2913 | D:3      | Found a burning altar of Makhleb.
  2914 | D:3      | Noticed a balrug
  2936 | D:3      | Noticed a neqoxec
  2936 | D:3      | Noticed an orange demon
  2938 | D:3      | Became a worshipper of Makhleb the Destroyer
  3012 | D:4      | Noticed Sigmund
  3023 | D:4      | Killed Sigmund
  3023 | D:4      | Reached XP level 7. HP: 56/60 MP: 5/7
  3441 | D:4      | Noticed Eustachio
  3459 | D:4      | Killed Eustachio
  3459 | D:4      | Reached skill level 5 in Fighting
  3459 | D:4      | Reached skill level 5 in Armour
  3459 | D:4      | Reached skill level 5 in Shields
  4263 | D:4      | Reached XP level 8. HP: 51/69 MP: 9/9
  4571 | D:4      | Reached * piety under Makhleb
  4741 | D:5      | Entered Level 5 of the Dungeon
  4761 | D:5      | HP: 3/69 [sky beast (5)]
  5653 | D:5      | Found a staircase to the Ecumenical Temple.
  5770 | D:5      | Reached skill level 5 in Invocations
  6354 | D:6      | Found a transporter.
  6368 | D:6      | Reached ** piety under Makhleb
  6369 | D:6      | Noticed jazmu's ghost (novice FoSk)
  6378 | D:6      | Found a transporter.
  6575 | D:6      | Found a burning altar of Makhleb.
  7207 | D:6      | Reached XP level 9. HP: 63/78 MP: 12/12
  7708 | D:7      | Reached *** piety under Makhleb
  7726 | D:7      | Paralysed by a hornet for 2 turns
  8381 | D:7      | Found a stormy altar of Qazlal.
  9201 | D:9      | Reached XP level 10. HP: 85/88 MP: 15/15
  9212 | D:9      | Reached skill level 1 in Dodging
  9329 | D:9      | Reached skill level 1 in Evocations
  9596 | D:9      | Reached **** piety under Makhleb
  9648 | D:9      | Found Zyfur's Jewellery Shoppe.
 10157 | D:10     | Entered Level 10 of the Dungeon
 10157 | D:10     | Noticed a two-headed ogre
 10316 | D:9      | Killed a two-headed ogre
 10457 | D:9      | HP: 4/90 [queen bee (11)]
 10750 | D:10     | Noticed a four-headed hydra
 10761 | D:10     | Killed a four-headed hydra
 10768 | D:10     | Found a staircase to the Lair.
 10826 | D:10     | Reached XP level 11. HP: 76/97 MP: 17/17
 10900 | D:10     | Reached ***** piety under Makhleb
 10994 | D:10     | Noticed a two-headed ogre
 11006 | D:10     | Slain by a two-headed ogre

Illustrated notes

Levels and vault maps discovered:
D:1:      minmay_arrival_open_corners, layout_basic, minmay_pentomino_z2
D:2:      layout_loops_ring
D:3:      layout_rooms, gammafunk_temple_overflow_statue,
          kennysheep_okawaru_gauntlet, makhleb_altar_promises_db,
          dk_noncrumbling_3, uniq_natasha
D:4:      layout_basic, serial_forest, infiniplex_forest_lined_2,
          infiniplex_forest_clump_C, infiniplex_forest_pool,
          infiniplex_forest_corner_1, sigmund_army, uniq_eustachio, uniq_sigmund
D:5:      layout_basic, temple_statues, first_ration
D:6:      layout_layer_cave, basic_altar, gammafunk_ghost_smash
D:7:      layout_cave_pools, nicolae_qazlal_style_of_elements
D:8:      layout_rooms
D:9:      lemuel_flame_loot_2, layout_long_grid, serial_shops,
          kennysheep_little_box
D:10:     layout_big_octagon, lair_entry_dummy, hiddenorc1_lemuel,
          david_nohive_1

Skill      XL: |  1  2  3  4  5  6  7  8  9 10 11 |
---------------+----------------------------------+-----
Axes           | 3 4 5 6 7 |  7.0
Fighting       | 4 5 6 8 9 |  9.1
Armour         | 4 5 6 8 9 |  9.2
Shields        | 4 5 6 8 9 |  9.2
Invocations    | 2 3 6 8 9 |  9.5
Dodging        | 3 |  3.7
Evocations     | 2 3 |  3.0

Action                   |  1- 3 |  4- 6 |  7- 9 | 10-12 || total
-------------------------+-------+-------+-------+-------++-------
Melee: War axe           |   106 |    89 |   426 |   254 ||   875
       Headbutt          |    14 |    14 |    83 |    49 ||   160
Throw: Boomerang         |       |     2 |       |       ||     2
Invok: Lesser Servant of |       |       |       |     4 ||     4
  Use: Potion            |       |       |     1 |     2 ||     3
  Eat: Chunk             |     2 |     5 |    20 |     6 ||    33
Armor: Scale mail        |    40 |    30 |    21 |       ||    91
       Chain mail        |       |       |   151 |   147 ||   298
Dodge: Dodged            |    39 |    29 |    91 |   103 ||   262
       Repelled          |       |       |     3 |     1 ||     4
Block: Kite shield       |    56 |    55 |   215 |   232 ||   558
